 Dungeon Crawl Stone Soup version 0.20-a0-454-g2b43fbb (console) character file.

328 nht the Bolt Thrower (level 6, -4/44 HPs)
             Began as a Barachian Hunter on Jan 9, 2017.
             Was an Initiate of Okawaru.
             Killed by divine providence
             ... invoked by an orc priest
              (8 damage)
             ... on level 3 of the Dungeon.
             The game lasted 00:03:57 (2387 turns).

nht the Bolt Thrower (Barachian Hunter)             Turns: 2387, Time: 00:03:58

Health: -4/44      AC:  2    Str: 11 (12) XL:     6   Next: 50%
Magic:  6/6        EV: 12    Int:  9 (11) God:    Okawaru [......]
Gold:   101        SH:  0    Dex: 10 (12) Spells: 5/5 levels left

rFire  + . .     SeeInvis .     r - +0 short sword (venom)
rCold  + . .     Gourm    .     u - +0 robe {rC+ rF+}
rNeg   . . .     Faith    .     (no shield)
rPois  .         Spirit   .     (no helmet)
rElec  .         Reflect  .     (no cloak)
rCorr  .         Harm     .     (no gloves)
MR     .....                    (no boots)
Stlth  +.........               (no amulet)
                                (no ring)
                                (no ring)

@: can't hop, slow
A: swims, clever 1, slowness 1, strong legs 1
a: Hop, Renounce Religion


You were on level 3 of the Dungeon.
You worshipped Okawaru.
Okawaru was noncommittal.
You were hungry.

You visited 1 branch of the dungeon, and saw 3 of its levels.

You collected 101 gold pieces.

Inventory:

Hand Weapons
 a - a +1 hand crossbow
 b - a +0 short sword
 h - a +0 trident
 r - a +0 short sword of venom (weapon)
Armour
 u - a +0 robe of resistance (worn)
Wands
 n - a wand of paralysis (8/24)
 o - a wand of flame (29/48)
Scrolls
 c - a scroll of remove curse {unknown}
 e - 3 scrolls of identify
 l - a scroll of amnesia {unknown}
 m - 3 scrolls of enchant weapon {unknown}
 s - a scroll of enchant armour {unknown}
Potions
 q - a potion of brilliance
Comestibles
 f - 3 bread rations
 p - 2 royal jellies


   Skills:
 - Level 2.1 Fighting
 + Level 6.9 Crossbows
 - Level 2.0 Dodging
 - Level 1.0 Stealth


You had 5 spell levels left.
You didn't know any spells.

Dungeon Overview and Level Annotations

Branches:
Dungeon (3/15)

Altars:
Cheibriados
Okawaru


Innate Abilities, Weirdness & Mutations

You can swim through water.
You cover ground slowly.
You can hop short distances.
Your mind is acute. (Int +2)


Message History

The orc priest looks as sick as possible!
The orc priest is moderately wounded.
The orc priest hits you. The orc hits you with a mace.
You hit the orc priest but do no damage.
The orc priest looks as sick as possible!
The orc priest is moderately wounded.
The orc priest closely misses you. The orc closely misses you.
You hit the orc priest.
The orc priest looks as sick as possible!
The orc priest is heavily wounded.
The orc priest mumbles some strange prayers to Beogh against you.
Beogh smites you!
* * * LOW HITPOINT WARNING * * *
The orc barely misses you.
Hop to where?
Press: ? - help, Dir - move target cursor Boing!
The orc priest invokes the aid of Beogh against you.
Beogh smites you!
You die...

....[.....█ █.██..██..█
█.███....██ █.███.██.█
..██..██.█ ..██.███.█
.....█ █.█████████ .
█>.███ █.██......█ !..█..
.....███.██<....@██.....██
..██.....██...............
..██████..█.....(██.....█
..█ █.........█......█ ..█
██........█.█....█ ..█
██.████...)..█..█ █.██████
█.██ ██o§o.....█ .......█
█..█ █.██.██..█ ...>...█
██.████)█......███


You could see an orc priest.

Vanquished Creatures
  Grinder (D:3)
  A gnoll (D:3)
  6 adders
  2 oozes (D:1)
  A worm (D:3)
  A dart slug (D:2)
  2 leopard geckos
  An orc (D:3)
  A ball python (D:3)
  9 bats
  3 giant cockroaches
  10 goblins
  7 hobgoblins
  3 jackals (D:1)
  5 kobolds
  A quokka (D:2)
  A frilled lizard (D:2)
  7 rats
62 creatures vanquished.

Notes
Turn   | Place    | Note
-------+----------+-------------------------------------------
     0 | D:1      | nht the Barachian Hunter began the quest for the Orb.
     0 | D:1      | Reached XP level 1. HP: 16/16 MP: 1/1
   156 | D:1      | Reached skill level 4 in Crossbows
   156 | D:1      | Reached XP level 2. HP: 22/22 MP: 2/2
   439 | D:1      | Reached XP level 3. HP: 27/27 MP: 3/3
  1175 | D:2      | Reached skill level 5 in Crossbows
  1175 | D:2      | Reached XP level 4. HP: 33/33 MP: 4/4
  1420 | D:2      | Found a snail-covered altar of Cheibriados.
  1731 | D:3      | Noticed Grinder
  1752 | D:3      | Paralysed by Grinder for 5 turns
  1768 | D:3      | Killed Grinder
  1768 | D:3      | Reached skill level 6 in Crossbows
  1768 | D:3      | Reached XP level 5. HP: 20/38 MP: 5/5
  1768 | D:3      | Reached XP level 6. HP: 23/44 MP: 6/6
  1875 | D:3      | Found an iron altar of Okawaru.
  1882 | D:3      | Became a worshipper of Warmaster Okawaru
  2252 | D:3      | Gained mutation: Your mind is acute. (Int +2) [potion of beneficial mutation]
  2387 | D:3      | Killed from afar by an orc priest

Vault maps used:
D:1:      zelgadis_glass_arrival_large, dk_noncrumbling_4, grunt_decor_cap,
          minmay_splitting_lines, st_stairs_12, minmay_pentomino_t2
D:2:      kennysheep_slug_shrine
D:3:      old_standard_altar, first_bread, kennysheep_jessica_study,
          uniq_grinder

Skill      XL: |  1  2  3  4 |
---------------+-------------+-----
Crossbows      | 4 5 6 |  6.9
Fighting       | |  2.1
Dodging        | |  2.0
Stealth        | |  1.0

Action                   |  1- 3 |  4- 6 || total
-------------------------+-------+-------++-------
Melee: Short sword       |       |    73 ||    73
 Fire: Hand crossbow     |    87 |    21 ||   108
 Abil: Hop               |       |     3 ||     3
  Use: Scroll            |       |     3 ||     3
       Potion            |       |     7 ||     7
  Eat: Chunk             |     1 |     4 ||     5
Armor: Leather armour    |     7 |    13 ||    20
       Robe              |       |     5 ||     5
Dodge: Dodged            |    12 |    80 ||    92
